 Dungeon Crawl Stone Soup version 0.31.0-9-g3a7656b989 (console) character file.

Game seed: 286123780948099540

126251 AlterAsc the Severer (level 17, -7/140 HPs)
             Began as a Formicid Fighter on Jan 30, 2024.
             Was a High Priest of Okawaru.
             Killed from afar by a deep elf zephyrmancer (13 damage)
             ... with a bolt of lightning
             ... on level 1 of the Elven Halls on Jan 31, 2024.
             The game lasted 01:29:02 (25266 turns).

AlterAsc the Severer (Formicid Fighter)            Turns: 25266, Time: 01:29:05

Health: -7/140     AC: 22    Str: 35    XL:     17   Next: 53%
Magic:  24/26      EV: 10    Int:  8    God:    Okawaru [*****.]
Gold:   1067       SH: 22    Dex: 13    Spells: 16/16 levels left

rFire   + . .        Q - +5 war axe (flame)
rCold   + + .        L - +0 tower shield
rNeg    . . .        Z - +0 plate armour of Kiasunnoasa {Slay+6}
rPois   +            (helmet unavailable)
rElec   .            R - +1 cloak "Cewk" {rPois rC++}
rCorr   .            y - +1 pair of gloves {Stlth+}
SInv    +            (no boots)
Will    ++...        O - amulet of regeneration Stlth
                     D - ring of protection from fire
HPRegen 1.23/turn    N - ring "Difrecw Awko" {Will+ Str+6}
MPRegen 0.20/turn

%: no passive effects
@: heroic, studying Invocations
A: permanent stasis, dig shafts and tunnels, antennae 3, four strong arms
a: Dig, Shaft Self, Renounce Religion, Heroism, Finesse, Duel


You were on level 1 of the Elven Halls.
You worshipped Okawaru.
Okawaru was extremely pleased with you.
You visited 5 branches of the dungeon, and saw 24 of its levels.
You also visited: Volcano.

You collected 2914 gold pieces.
You spent 1847 gold pieces at shops.

Inventory:

Hand Weapons
 t - a +3 battleaxe of draining
 H - a +3 trident of freezing
 Q - a +5 war axe of flaming (weapon)
 W - a +1 broad axe of flaming
 X - the +10 whip of Haunted Integrity {antimagic, Dex+3}
   (You took it off an orc knight on level 1 of the Orcish Mines)

   Dex+3:     It affects your dexterity (+3).
Missiles
 d - 64 poisoned darts (quivered)
 M - a throwing net
Armour
 k - a +2 plate armour of fire resistance
 y - a +1 pair of gloves of stealth (worn)
 L - a +0 tower shield (worn)
 R - the +1 cloak "Cewk" (worn) {rPois rC++}
   (Okawaru gifted it to you on level 3 of the Lair of Beasts)

   rC++:      It greatly protects you from cold.
   rPois:     It protects you from poison
 Z - the +0 plate armour of Kiasunnoasa (worn) {Slay+6}
   (You bought it in a shop on level 2 of the Orcish Mines)

   Slay+6:    It affects your accuracy & damage with ranged weapons and melee
   (+6).
Jewellery
 m - a ring of flight
 D - a ring of protection from fire (left hand)
 N - the ring "Difrecw Awko" (right hand) {Will+ Str+6}
   (You bought it in a shop on level 14 of the Dungeon)

   [ring of strength]

   Str+6:     It affects your strength (+6).
   Will+:     It increases your willpower.
 O - an amulet of regeneration (around neck)
 T - a +6 ring of strength
Wands
 b - a wand of flame (35)
 f - a wand of mindburst (7)
 u - a wand of roots (6)
 J - a wand of polymorph (31)
 U - a wand of acid (9)
Scrolls
 a - 2 scrolls of enchant weapon
 g - 2 scrolls of enchant armour
 h - 6 scrolls of poison
 j - a scroll of immolation
 r - 5 scrolls of vulnerability
 w - 2 scrolls of fog
 G - 6 scrolls of amnesia
 I - a scroll of brand weapon
 P - 7 scrolls of fear
 S - a scroll of revelation
 V - a scroll of torment
Potions
 c - a potion of might
 l - 3 potions of magic {unknown}
 n - 9 potions of lignification
 o - 2 potions of cancellation {unknown}
 p - 8 potions of curing
 q - 4 potions of resistance
 s - 3 potions of invisibility {unknown}
 v - 3 potions of mutation {unknown}
 x - 2 potions of ambrosia {unknown}
 z - 2 potions of berserk rage {unknown}
 A - 2 potions of brilliance {unknown}
 B - 3 potions of degeneration {unknown}
 E - 2 potions of enlightenment {unknown}
 F - 3 potions of haste {unknown}
 K - 4 potions of heal wounds
 Y - 3 potions of attraction {unknown}
Miscellaneous
 i - a lightning rod (4/4)
 C - a phial of floods


   Skills:
 + Level 14.8(19.8) Fighting
 + Level 20.3(25.3) Axes
 + Level 11.3(16.3) Armour
 + Level 17.1(22.1) Shields
 - Level 12.0 Invocations


You had 16 spell levels left.
You didn't know any spells.
Your spell library contained the following spells:

 Spells                   Type           Power      Damage    Failure   Level
 Apportation              Tloc           0%         N/A       92%         1
 Foxfire                  Conj/Fire      0%         2x1d4     92%         1
 Kiss of Death            Conj/Necr      0%         2d5       92%         1
 Shock                    Conj/Air       0%         1d3       92%         1
 Cigotuvi's Dreadful Rot  Necr/Alch/Air  0%         N/A       98%         2
 Jinxbite                 Hex            0%         N/A       98%         2
 Lesser Beckoning         Tloc           0%         N/A       98%         2
 Confusing Touch          Hex            0%         N/A       100%        3
 Dazzling Flash           Conj/Hex       0%         N/A       100%        3
 Gell's Gravitas          Tloc           0%         N/A       100%        3
 Teleport Other           Tloc           0%         N/A       100%        3
 Volatile Blastmotes      Fire/Tloc      0%         2d10      100%        3
 Airstrike                Air            0%         2d(0-16)  100%        4
 Dimensional Bullseye     Hex/Tloc       0%         N/A       100%        4
 Dispel Undead            Necr           0%         3d6       100%        4
 Ignite Poison            Fire/Alch      0%         N/A       100%        4
 Iskenderun's Mystic Bla  Conj/Tloc      0%         2d3       100%        4
 Alistair's Intoxication  Alch           0%         N/A       100%        5
 Arcjolt                  Conj/Air       0%         1d10      100%        5
 Freezing Cloud           Conj/Ice/Air   0%         6-21      100%        5
 Silence                  Hex/Air        0%         N/A       100%        5
 Plasma Beam              Fire/Air       0%         2x1d10    100%        6
 Starburst                Conj/Fire      0%         6d3       100%        6
 Maxwell's Capacitive Co  Air            0%         ∞         100%        8
 Chain Lightning          Conj/Air       0%         N/A       100%        9
 Fire Storm               Conj/Fire      0%         5d1       100%        9
 Shatter                  Erth           0%         3d5*      100%        9
 Swiftness                Air            Unusable   N/A       N/A         3
 Tukima's Dance           Hex            Unusable   N/A       N/A         3
 Vhi's Electric Charge    Tloc/Air       Unusable   N/A       N/A         4

Dungeon Overview and Level Annotations

Branches:
Dungeon (15/15)            Temple (1/1) D:5            Lair (5/5) D:11
 Shoals (0/4) Lair:3       Spider (0/4) Lair:3        Slime (0/5) Lair:4
    Orc (2/2) D:12            Elf (1/3) Orc:2        Vaults (0/5) D:14
 Depths (0/4) D:15        Volcano (visited)

Altars:
Ashenzari
Cheibriados
Dithmenos
Elyvilon
Fedhas
Gozag
Hepliaklqana
Kikubaaqudgha
Makhleb
Nemelex Xobeh
Okawaru
Qazlal
Ru
Sif Muna
Trog
Uskayaw
Vehumet
Wu Jian
Xom
Yredelemnul
Zin
The Shining One
Jiyva

Shops:
D:14 !=*   Orc:1 (   Orc:2 :([[

Portals:
Hell: Lair:5

Annotations:
Lair:4 1 runed translucent door


Innate Abilities, Weirdness & Mutations

You cannot be hasted, slowed, berserked, paralysed or teleported.
You can dig through walls and to a lower floor.
You have a pair of large antennae on your head. (SInv)
Your four strong arms can wield two-handed weapons with a shield.


Message History

The deep elf zephyrmancer is moderately wounded.
The deep elf zephyrmancer barely misses you.
You hit the deep elf zephyrmancer. You burn the deep elf zephyrmancer.
The deep elf zephyrmancer is heavily wounded.
You block the deep elf zephyrmancer's attack.
The deep elf zephyrmancer casts a spell.
The deep elf zephyrmancer blinks!
You slash the deep elf zephyrmancer! You burn the deep elf zephyrmancer.
The deep elf zephyrmancer is almost dead.
You closely miss the deep elf zephyrmancer.
The deep elf zephyrmancer is almost dead.
The deep elf zephyrmancer hits you with a +0 short sword.
You slash the deep elf zephyrmancer! You burn the deep elf zephyrmancer.
You kill the deep elf zephyrmancer!
Okawaru accepts your kill.
You slash the fire elemental!
The fire elemental is moderately damaged.
You block the fire elemental's attack.
You slash the fire elemental!
The fire elemental is heavily damaged.
You block the fire elemental's attack.
You slice the fire elemental!!
You destroy the fire elemental!
Okawaru accepts your kill.
A deep elf zephyrmancer comes into view.
It is wielding a +0 long sword.
The deep elf zephyrmancer shouts!
The deep elf zephyrmancer gestures wildly while chanting.
The deep elf zephyrmancer blinks!
Things that are here:
a +0 short sword; a +0 dagger; an elf corpse The deep elf zephyrmancer casts a spell at you.
The bolt of lightning hits you!!
The deep elf zephyrmancer points at you and mumbles some strange words.
The bolt of lightning hits you!!!
* * * LOW HITPOINT WARNING * * *
The bolt of lightning hits you!!
* * * LOW HITPOINT WARNING * * *
The deep elf zephyrmancer casts a spell at you.
The bolt of lightning hits you!
You die...

.?.#
###...#####
.........#
..........
.......[
ee8.....
######...#####
#<...)........
######@..####
#....!8..e..#
...............
#..............
###...........#
#####...#####
..... ......


You could see 3 deep elf zephyrmancers.

Vanquished Creatures
  Louise (D:15)
  2 orc warlords
  The ghost of Ytheofip the Cleaver, a journeyman FoFi of Okawaru (D:14)
  A dire elephant (Lair:5)
  Azrael (D:15)
  A fire dragon (D:15)
  Josephine (Orc:2)
  4 vault guards (D:14)
  2 rakshasas
  Fannar (D:10)
  Harold (D:11)
  5 hydras
  2 catoblepae
  7 centaur warriors
  2 death knights
  5 two-headed ogres
  5 boulder beetles
  9 death yaks
  3 tengu warriors
  2 orc high priests (Orc:1)
  Sonja (Lair:3)
  Nergalle (D:10)
  A sun demon (Lair:5)
  4 skysharks
  An arcanist (Lair:5)
  A deep troll (D:14)
  A skeletal warrior (D:15)
  A glowing orange brain (D:15)
  3 deep elf archers
  6 orc knights
  A phantasmal warrior (D:15)
  10 deep elf pyromancers
  A lindwurm (Lair:3)
  21 ugly things
  2 deep elf zephyrmancers (Elf:1)
  4 orc sorcerers
  6 cyclopes
  A manticore (Lair:3)
  A meliai (Lair:3)
  3 kobold blastminers (Orc:2)
  18 elephants
  An orange demon (Lair:5)
  19 cane toads
  6 gargoyles
  6 black mambas
  An efreet (D:14)
  A freezing wraith (D:15)
  16 komodo dragons
  A kobold demonologist (D:13)
  12 rime drakes
  An unseen horror (D:10)
  5 ice devils (Lair:5)
  A tengu conjurer (D:8)
  Psyche (D:10)
  5 trolls
  5 polar bears
  A hornet (shapeshifter) (D:14)
  A hellwing (Lair:5)
  3 hornets
  A dream sheep (shapeshifter) (D:15)
  34 blink frogs
  6 dream sheep (Lair:4)
  A spriggan (shapeshifter) (D:13)
  3 shadows
  5 wyverns
  4 slime creatures
  6 wraiths
  10 wargs
  8 fire elementals
  26 yaks
  7 basilisks
  7 vampire mosquitoes
  An acid dragon (D:13)
  10 hell hounds
  23 water moccasins
  53 orc warriors
  An ice beast (D:5)
  2 black bears
  A laughing skull (D:8)
  3 ogres (Orc:2)
  12 wolves
  11 centaurs
  A phantom (D:6)
  5 kobold brigands
  15 bullfrogs
  3 scorpions
  8 wights
  19 killer bees
  3 electric eels
  A lava snake (Lair:3)
  3 howler monkeys (D:12)
  2 jellies
  22 orc priests
  A bombardier beetle (D:6)
  6 hounds
  A gnoll bouda (D:9)
  3 iguanas
  27 orc wizards
  Robin (D:4)
  5 gnolls
  11 adders
  3 white imps
  2 ufetubi (D:5)
  3 ribbon worms
  2 dart slugs
  69 orcs
  6 ball pythons
  2 bats
  4 endoplasms
  4 giant cockroaches
  14 goblins
  12 hobgoblins
  2 jackals (D:4)
  4 quokkas
  3 frilled lizards
  32 kobolds
  4 rats
768 creatures vanquished.

Notes
Turn   | Place    | Note
-------+----------+-------------------------------------------
     0 | D:1      | AlterAsc the Formicid Fighter began the quest for the Orb.
     0 | D:1      | Reached XP level 1. HP: 18/18 MP: 1/1
    63 | D:1      | Reached XP level 2. HP: 24/24 MP: 2/2
   339 | D:1      | Reached skill level 3 in Axes
   653 | D:2      | Reached XP level 3. HP: 25/29 MP: 3/3
  1012 | D:2      | Reached skill level 4 in Axes
  1012 | D:2      | Reached XP level 4. HP: 35/35 MP: 4/4
  1545 | D:3      | Reached XP level 5. HP: 37/41 MP: 5/5
  1598 | D:3      | Reached skill level 5 in Axes
  1877 | D:4      | Noticed Robin
  1888 | D:4      | Killed Robin
  2135 | D:4      | Reached XP level 6. HP: 47/47 MP: 6/6
  2190 | D:4      | Reached skill level 6 in Axes
  3053 | D:5      | Entered Level 5 of the Dungeon
  3130 | D:5      | Reached skill level 7 in Axes
  3130 | D:5      | Reached XP level 7. HP: 37/52 MP: 7/7
  3217 | D:5      | Found a broken altar of Ashenzari.
  3217 | D:5      | Found a glowing golden altar of the Shining One.
  3407 | D:5      | Noticed a shadow
  3436 | D:5      | Killed a shadow
  3437 | D:5      | Reached skill level 8 in Axes
  3544 | D:5      | Found a staircase to the Ecumenical Temple.
  3551 | Temple   | Entered the Ecumenical Temple
  3570 | Temple   | Became a worshipper of Warmaster Okawaru
  3902 | D:6      | Reached XP level 8. HP: 43/58 MP: 8/8
  4011 | D:6      | Reached skill level 9 in Axes
  4200 | D:6      | Reached * piety under Okawaru
  4201 | D:6      | Reached skill level 1 in Invocations
  4903 | D:6      | Reached ** piety under Okawaru
  4904 | D:6      | Reached skill level 10 in Axes
  5249 | D:7      | Reached XP level 9. HP: 64/64 MP: 11/11
  5253 | D:7      | Noticed a hornet
  5263 | D:7      | Killed a hornet
  5456 | D:7      | Found a transporter.
  5562 | D:7      | Reached skill level 11 in Axes
  5651 | D:7      | You are sucked into a shaft and drop 3 floors!
  5651 | D:10     | Entered Level 10 of the Dungeon
  5796 | D:9      | Reached skill level 12 in Axes
  6095 | D:9      | Noticed a two-headed ogre
  6103 | D:9      | HP: 2/64 [two-headed ogre/+0 giant club (12)]
  6296 | D:8      | Reached XP level 10. HP: 46/70 MP: 10/12
  7065 | D:8      | Reached skill level 5 in Invocations
  7177 | D:8      | Reached skill level 13 in Axes
  7191 | D:8      | Noticed a red ugly thing
  7206 | D:8      | Noticed a four-headed hydra
  7206 | D:8      | Noticed a deep elf pyromancer
  7207 | D:8      | Noticed a brown ugly thing
  7207 | D:8      | Identified the +8 hand axe of Undoing {venom, Str+2 SInv}
  7207 | D:8      | Noticed a centaur warrior
  7207 | D:8      | Noticed a centaur warrior
  7208 | D:8      | Noticed a gargoyle
  7342 | D:8      | Reached *** piety under Okawaru
  8167 | D:7      | Found a transporter.
  8579 | D:9      | Reached skill level 14 in Axes
  9081 | D:9      | Killed a two-headed ogre
  9081 | D:9      | Reached **** piety under Okawaru
  9372 | D:10     | Noticed an unseen horror
  9378 | D:10     | Killed an unseen horror
  9457 | D:10     | Noticed Fannar
  9723 | D:10     | Reached XP level 11. HP: 75/75 MP: 14/14
 10091 | D:10     | Reached skill level 15 in Axes
 10351 | D:10     | Identified the +5 short sword of Triumph {antimagic,
                  | *Corrode rPois rN+ Dex+3}
 10375 | D:10     | Noticed Nergalle
 10379 | D:10     | You are sucked into a shaft and drop 2 floors!
 10535 | D:11     | Found a staircase to the Lair.
 10718 | D:11     | Noticed Harold
 10737 | D:11     | Killed Harold
 10873 | D:11     | Reached skill level 16 in Axes
 10876 | D:11     | Noticed a two-headed ogre
 10942 | Lair:1   | Entered Level 1 of the Lair of Beasts
 11283 | Lair:1   | Identified a scroll of acquirement
 11284 | Lair:1   | Acquired a manual of Invocations
 11441 | Lair:1   | Reached ***** piety under Okawaru
 11558 | Lair:1   | Reached skill level 5 in Shields
 12062 | Lair:2   | Noticed a catoblepas
 12095 | Lair:2   | Killed a catoblepas
 12100 | Lair:2   | Reached skill level 5 in Fighting
 12100 | Lair:2   | Reached skill level 5 in Armour
 12144 | Lair:2   | Reached XP level 12. HP: 37/86 MP: 17/17
 12649 | Lair:2   | Received a gift from Okawaru
 13219 | Lair:2   | Reached skill level 10 in Invocations
 13502 | Lair:3   | Received a gift from Okawaru
 13515 | Lair:3   | Noticed a skyshark
 13521 | Lair:3   | Noticed a six-headed hydra
 13590 | Lair:3   | Reached XP level 13. HP: 80/98 MP: 20/20
 13599 | Lair:3   | Reached ****** piety under Okawaru
 13600 | Lair:3   | Acquired the +1 cloak "Cewk" {rPois rC++}
 13600 | Lair:3   | Received a gift from Okawaru
 13601 | Lair:3   | Acquired a +5 war axe of flaming
 13601 | Lair:3   | Received a gift from Okawaru
 13633 | Lair:3   | Killed a two-headed hydra
 13711 | Lair:3   | Received a gift from Okawaru
 13933 | Lair:3   | Found a staircase to the Shoals.
 14052 | Lair:3   | Noticed Sonja
 14053 | Lair:3   | Noticed a catoblepas
 14073 | Lair:3   | Reached skill level 10 in Fighting
 14074 | Lair:3   | Killed Sonja
 14082 | Lair:3   | Killed a catoblepas
 14160 | Lair:3   | Found a hole to the Spider Nest.
 14177 | Lair:3   | Received a gift from Okawaru
 14821 | Lair:3   | Reached XP level 14. HP: 90/116 MP: 21/23
 15423 | D:12     | Received a gift from Okawaru
 15451 | D:12     | Found a staircase to the Orcish Mines.
 15984 | Orc:1    | Entered Level 1 of the Orcish Mines
 16129 | D:10     | Killed Fannar
 16132 | D:10     | Killed Nergalle
 16237 | D:10     | Noticed Psyche
 16242 | D:10     | Killed Psyche
 16766 | Orc:1    | Found Egopnad's Antique Weapon Boutique.
 16869 | Orc:1    | Noticed an orc warlord
 16886 | Orc:1    | Reached skill level 10 in Shields
 16900 | Orc:1    | Killed an orc warlord
 17105 | Orc:1    | Identified the +10 whip of Haunted Integrity {antimagic,
                  | Dex+3}
 17848 | Orc:2    | Entered Level 2 of the Orcish Mines
 17915 | Orc:2    | Received a gift from Okawaru
 18070 | Orc:2    | Found Zeblueco's Weapon Shop.
 18070 | Orc:2    | Found Gutuepruokh's Armour Shoppe.
 18397 | Orc:2    | Found Asesus's Book Boutique.
 18399 | Orc:2    | Found Keshrif's Antique Armour Emporium.
 18420 | Orc:2    | Bought a smoking plate armour for 868 gold pieces
 18420 | Orc:2    | Identified the +0 plate armour of Kiasunnoasa {Slay+6} (You
                  | bought it in a shop on level 2 of the Orcish Mines)
 18491 | Orc:2    | Noticed Josephine
 18518 | Orc:2    | Killed Josephine
 18519 | Orc:2    | Reached XP level 15. HP: 125/126 MP: 24/24
 18552 | Orc:2    | Noticed an orc warlord
 18585 | Orc:2    | Killed an orc warlord
 18586 | Orc:2    | Reached skill level 10 in Armour
 18665 | Orc:2    | Found a staircase to the Elven Halls.
 18670 | Orc:2    | Reached skill level 17 in Axes
 19007 | Orc:2    | Found a bloodstained altar of Trog.
 20210 | D:14     | Found Kacen's Jewellery Shoppe.
 20217 | D:14     | Bought the ring "Difrecw Awko" {Will+ Str+6} for 923 gold
                  | pieces
 20317 | D:14     | Found a gate to the Vaults.
 20371 | D:14     | Received a gift from Okawaru
 20608 | D:14     | Reached skill level 18 in Axes
 20836 | D:14     | Received a gift from Okawaru
 20934 | D:14     | Reached XP level 16. HP: 131/133 MP: 25/25
 21073 | D:14     | Found Pevy's General Store.
 21077 | D:14     | Bought 2 scrolls of identify for 56 gold pieces
 21107 | D:14     | Found Baruuq's Distillery.
 21206 | D:14     | Found a large runed translucent door.
 21206 | D:14     | Found a large runed translucent door.
 21207 | D:14     | Noticed Ytheofip's ghost (journeyman FoFi)
 21220 | D:14     | Killed Ytheofip's ghost
 21496 | D:8      | Reached skill level 15 in Shields
 21725 | D:15     | Entered Level 15 of the Dungeon
 21795 | D:15     | Noticed Louise
 21795 | D:15     | Noticed Azrael
 21819 | D:15     | Killed Louise
 21830 | D:15     | Killed Azrael
 21942 | D:15     | Received a gift from Okawaru
 22180 | D:15     | Found a staircase to the Depths.
 22422 | D:15     | Identified the +5 short sword "Zeekyef" {heavy, rElec rPois
                  | rCorr Str-2}
 22441 | D:15     | Found an iron altar of Okawaru.
 22802 | Lair:4   | Reached skill level 19 in Axes
 23016 | Lair:4   | Received a gift from Okawaru
 23235 | Lair:4   | Found a runed translucent door.
 23235 | Lair:4   | Found a viscous altar of Jiyva.
 23236 | Lair:4   | Found a staircase to the Slime Pits.
 23236 | Lair:4   | Noticed an azure jelly
 23562 | Lair:5   | Entered Level 5 of the Lair of Beasts
 23614 | Lair:5   | Reached skill level 20 in Axes
 23628 | Lair:5   | Received a gift from Okawaru
 23630 | Lair:5   | Reached XP level 17. HP: 112/139 MP: 26/26
 23657 | Lair:5   | Found a dark tunnel.
 23673 | Volcano  | Entered a volcano
 24308 | Lair:5   | Received a gift from Okawaru
 24309 | Lair:5   | Identified the +7 rapier of Sloth {pain, *Corrode rElec
                  | Stlth+}
 24539 | Lair:5   | Found a burning altar of Makhleb.
 24584 | Lair:5   | Found a gateway to Hell.
 24594 | Lair:5   | Got the Vellum of Heavy Lightning
 25220 | Elf:1    | Entered Level 1 of the Elven Halls
 25226 | Arena    | Entered the Arena
 25266 | Elf:1    | HP: 6/140 [deep elf zephyrmancer/bolt of lightning (22)]
 25266 | Elf:1    | Killed from afar by a deep elf zephyrmancer

Illustrated notes

Levels and vault maps discovered:
D:1:      ebering_trefoil_3fold, layout_basic, dreamdust_princess_bridge
D:2:      layout_basic
D:3:      layout_loops_cross
D:4:      layout_layer_cave, uniq_robin
D:5:      layout_rooms, gammafunk_temple_overflow_elements,
          minmay_temple_entry_hall
D:6:      layout_loops_ring
D:7:      gammafunk_steamed_eel, layout_rooms
D:8:      minmay_skewed_foursquare, layout_loops_ring, minivault_12
D:9:      layout_long_grid
D:10:     layout_roguey, uniq_fannar, uniq_nergalle, uniq_psyche
D:11:     layout_big_octagon, hellmonk_lair_entry_icy, serial_glass,
          glass_columns_a, glass_columns_b, glass_columns_a, glass_columns_a,
          glass_columns_a, glass_columns_a, glass_columns_b, glass_columns_a,
          kennysheep_cluttered_room, uniq_harold
D:12:     layout_basic, orc_0_dummy
D:13:     layout_gridville
D:14:     layout_loops_ring, lightli_vaults_fourway_checkpoint,
          hangedman_decor_riveting, ebering_ghost_disaster_area, serial_shops,
          nicolae_shop_tiny_waterfront, nicolae_shop_gaudy_bauble, shop,
          minmay_hollow_rounded_squares
D:15:     gammafunk_enter_depths_forms, layout_rooms, okawaru_trees_2,
          uniq_louise, uniq_azrael
Temple:   nicolae_temple_slightly_damp_pantheon
Lair:1:   layout_loops_ring
Lair:2:   layout_cave_shapes, serial_bayou_pond_a,
          eino_small_chamber_without_monster
Lair:3:   nzn_winding_woodlands_stair_cross [nzn_winding_woodlands_5x15_pool,
          nzn_winding_woodlands_center_lodge,
          nzn_winding_woodlands_5x15_sawtooth,
          nzn_winding_woodlands_5x5_perimeter,
          nzn_winding_woodlands_5x5_checkerboard,
          nzn_winding_woodlands_5x15_concentric,
          nzn_winding_woodlands_center_triple_pond,
          nzn_winding_woodlands_5x15_pathside_ponds], layout_gridlike,
          mainiacjoe_shoals_entry_four_pools,
          hellmonk_spider_entry_not_the_bees, uniq_sonja
Lair:4:   layout_regular_city, slime_entry_2, lemuel_old_faithful,
          grunt_megastairs_5
Lair:5:   evil_forest, layout_regular_city, nicolae_volcano_entry_lava_flow,
          pond, grunt_megastairs_2
Orc:1:    orc_temple, layout_diamond_mine, serial_shops, shop
Orc:2:    st_orc_rangers, layout_caves, basic_altar, mines5_lemuel,
          uniq_josephine
Elf:1:    eino_elf_arrival_shootout, layout_gridlike, serial_shops,
          nicolae_shop_scrapyard, minivault_28, uniq_roxanne, uniq_jorgrun

Skill      XL: |  1  2  3  4  5  6  7  8  9 10 11 12 13 14 15 16 17 |
---------------+----------------------------------------------------+-----
Axes           | 3 4 5 7 8 10 12 14 16 18 20 | 20.3
Invocations    | 3 5 7 10 12 | 12.0
Armour         | 5 7 8 9 10 11 | 11.3
Fighting       | 5 7 12 14 | 14.8
Shields        | 5 9 11 14 16 17 | 17.1

Action                     |  1- 3 |  4- 6 |  7- 9 | 10-12 | 13-15 | 16-18 || total
---------------------------+-------+-------+-------+-------+-------+-------++-------
  Melee: War axe           |    84 |   178 |   255 |   611 |   903 |   520 ||  2551
  Throw: Dart              |       |       |       |    82 |    23 |     1 ||   106
 Invoke: Heroism           |       |       |     4 |     8 |    14 |     8 ||    34
         Finesse           |       |       |       |     1 |     6 |     2 ||     9
         Receive Weapon    |       |       |       |       |     1 |       ||     1
         Receive Armour    |       |       |       |       |     1 |       ||     1
         Duel              |       |       |       |       |       |     1 ||     1
Ability: Shaft Self        |       |       |     1 |     1 |       |       ||     2
         Dig               |       |       |       |     2 |    12 |     1 ||    15
    Use: Potion            |       |       |     8 |     8 |       |     2 ||    18
         Scroll            |       |       |     6 |     7 |     2 |     7 ||    22
   Stab: Petrified         |       |       |       |     5 |     2 |       ||     7
         Petrifying        |       |       |       |     1 |     1 |       ||     2
         Distracted        |       |       |       |       |     1 |       ||     1
 Armour: Scale mail        |    15 |       |       |       |       |       ||    15
         Chain mail        |    49 |    96 |       |       |       |       ||   145
         Plate armour      |       |    75 |   241 |   373 |   547 |   251 ||  1487
         Skin              |       |       |       |       |     1 |       ||     1
  Dodge: Dodged            |    35 |    81 |    79 |   115 |   186 |    44 ||   540
  Block: Buckler           |    17 |    51 |    66 |   105 |   188 |       ||   427
         Tower shield      |       |       |       |       |   126 |   334 ||   460
